 Dungeon Crawl Stone Soup version 0.29-a0-878-g7b45a56547 (webtiles) character file.

Game seed: 450626210301919651

5066 buhh the Basher (level 11, -9/95 HPs)
             Began as a Meteoran Fighter on July 20, 2022.
             Was a Priest of Okawaru.
             Mangled by a death yak (23 damage)
             ... on level 1 of the Lair of Beasts.
             The game lasted 00:20:03 (3566 turns).

buhh the Basher (Meteoran Fighter)                  Turns: 3566, Time: 00:20:04

Health: -9/95      AC: 10    Str: 26    XL:     11   Next: 11%
Magic:  11/13      EV: 15    Int: 23    God:    Okawaru [***...]
Gold:   1176       SH:  8    Dex: 13    Spells: 10/10 levels left

rFire   + . .      SeeInvis .   x - +9 mace of Gloom {drain, Drain Will+++ Int+9}
rCold   . . .      Faith    .   J - +1 buckler {rF+}
rNeg    . . .      Spirit   .   p - +2 robe "Rejoirch" {Regen+}
rPois   .          Reflect  .   K - +1 helmet
rElec   +          Harm     .   (no cloak)
rCorr   +          Rampage  .   u - +0 pair of gloves
Will    ++++.                   z - +0 pair of boots
Stlth   +.........              B - amulet of regeneration
HPRegen 1.85/turn               h - ring of resist corrosion
MPRegen 0.13/turn               D - ring of Leaves {rElec rCorr Str+3 Int+4}

@: lethally poisoned (-9 -> -24), heroic, glowing
A: sense surroundings 2, otherworldly, glowing, explore regen
a: Renounce Religion, Heroism


You were on level 1 of the Lair of Beasts.
You worshipped Okawaru.
Okawaru was most pleased with you.
You visited 3 branches of the dungeon, and saw 13 of its levels.

You collected 1530 gold pieces.
You spent 354 gold pieces at shops.

Inventory:

Hand Weapons
 s - a +1 flail of protection
 x - the +9 mace of Gloom (weapon) {drain, Drain Will+++ Int+9}
   (You found it on level 8 of the Dungeon)

   A truly terrible weapon, it drains the life of any living foe it strikes.
   Int:       It affects your intelligence (+9).
   Drain:     It drains your maximum health when unequipped.
   Will:      It greatly increases your willpower.
 C - a +0 flail
Missiles
 y - 14 poisoned darts (quivered)
Armour
 b - a +0 scale mail
 c - a +0 buckler
 p - the +2 robe "Rejoirch" (worn) {Regen+}
   (You found it on level 5 of the Dungeon)

   Regen:     It increases your rate of health regeneration.
 u - a +0 pair of gloves (worn)
 z - a +0 pair of boots (worn)
 J - a +1 buckler of fire resistance (worn)
 K - a +1 helmet (worn)
Magical Staves
 r - a staff of death
Jewellery
 h - a ring of resist corrosion (left hand)
 A - a ring of wizardry
 B - an amulet of regeneration (around neck)
 D - the ring of Leaves (right hand) {rElec rCorr Str+3 Int+4}
   (You found it on level 9 of the Dungeon)

   [ring of resist corrosion]

   Str:       It affects your strength (+3).
   Int:       It affects your intelligence (+4).
   rElec:     It insulates you from electricity.
   rCorr:     It protects you from acid and corrosion.
 I - a ring of protection from cold
Wands
 E - a wand of flame (19)
 F - a wand of charming (6)
 H - a wand of roots (11)
Scrolls
 a - 3 scrolls of identify {!d}
 d - 2 scrolls of magic mapping {!d}
 f - 2 scrolls of fog
 g - 2 scrolls of amnesia
 i - 3 scrolls of vulnerability
 j - a scroll of enchant weapon
 l - a scroll of immolation {!r}
 L - a scroll of torment {unknown}
Potions
 k - a potion of haste {unknown}
 m - a potion of cancellation {unknown}
 n - a potion of heal wounds {unknown}
 o - a potion of magic {unknown}
 q - 3 potions of flight {unknown}
 t - a potion of brilliance {!d}
 v - a potion of curing {!d}
 w - a potion of lignification {unknown}
 G - a potion of attraction {unknown}


   Skills:
 * Level 8.5(13.5) Fighting
 - Level 14.0(19.0) Maces & Flails
 * Level 7.2(12.2) Armour
 * Level 2.6(7.6) Dodging
 * Level 7.7(12.7) Shields
 - Level 2.0 Invocations


You had 10 spell levels left.
You didn't know any spells.
Your spell library contained the following spells:

 Spells                   Type           Power      Damage    Failure   Level
 Beastly Appendage        Tmut           0%         N/A       19%         1
 Slow                     Hex            0%         N/A       19%         1
 Wereblood                Tmut           0%         N/A       26%         2
 Confusing Touch          Hex            0%         N/A       47%         3
 Spider Form              Tmut/Pois      0%         N/A       47%         3
 Vampiric Draining        Necr           0%         2d6       47%         3
 Fulminant Prism          Conj/Hex       0%         3d6       87%         4
 Iskenderun's Mystic Bla  Conj/Tloc      0%         2d3       87%         4
 Lee's Rapid Deconstruct  Erth           0%         3d5*      99%         5
 Dispersal                Tloc           0%         N/A       100%        6
 Disjunction              Tloc           0%         N/A       100%        8


Dungeon Overview and Level Annotations

Branches:
Dungeon (11/15) Zot: 3354  Temple (1/1) D:7 Zot: 563    Lair (1/5) D:11 Zot: 328
    Orc (0/2) D:10

Altars:
Ashenzari
Cheibriados
Dithmenos
Elyvilon
Fedhas
Gozag
Hepliaklqana
Kikubaaqudgha
Makhleb
Nemelex Xobeh
Okawaru
Qazlal
Sif Muna
Uskayaw
Vehumet
Wu Jian
Xom
Zin
The Shining One

Shops:
D:10 *(

Annotations:
D:4 Ijyb


Innate Abilities, Weirdness & Mutations

You passively map the area around you.
You are easily found by Zot.
You glow in the dark.
You regain HP and MP as you explore.


Message History

The death yak looks as sick as possible!
The death yak is engulfed in poison gas.
The death yak looks as sick as possible!
The death yak looks even sicker.
The death yak is engulfed in poison gas.
The death yak looks even sicker.
The death yak looks as sick as possible!
The death yak gores you but does no damage.
You feel more confident with your borrowed prowess.
You are engulfed in poison gas.
You are more poisoned.
You feel very sick.
The death yak is engulfed in poison gas.
The death yak looks as sick as possible!
The death yak is engulfed in poison gas.
The death yak looks as sick as possible!
The death yak barely misses you.
The death yak is engulfed in poison gas.
The death yak looks as sick as possible!
You block the death yak's attack.
The death yak is engulfed in poison gas.
The death yak looks even sicker.
The death yak is engulfed in poison gas.
The death yak looks as sick as possible!
The death yak gores you.
* * * LOW HITPOINT WARNING * * *
You hit the death yak.
The death yak is heavily wounded.
You are engulfed in poison gas.
You are more poisoned.
* * * LOW HITPOINT WARNING * * *
x2 You feel extremely sick.
The death yak is engulfed in poison gas.
The death yak looks as sick as possible!
The death yak is engulfed in poison gas.
The death yak looks as sick as possible!
You block the death yak's attack.
The death yak is engulfed in poison gas.
The death yak looks as sick as possible!
The death yak gores you!!
You die...

, ##.....................# *
#.................†....## ,,
##............†.....#
*#...........####....# ,
#...###....## ##...# ,*
#...## #§§§## #...## ,
#...## ##○§○○### ##†## ,, ,
♣♣P♣ ♣♣♣☼○○§☼○.♣♣♣#.# , ,
♣♣* ♣.PYY@○§○P♣PP♣.# ,,,
♣P♣§§YYY☼♣♣P♣#.♣## # , ♣
♣§§☼§○§♣* ###..## ##. * , ,
,, ♣♣§§§☼§○♣ ♣#.♣..##...
**,* ,,,
♣.☼§☼§P§♣**♣.♣♣.....# *
,*♣..Y§)§§☼§§§♣P♣♣P♣♣♣....##
* ♣♣♣§☼.§§§§♣♣PPP♣P♣♣P....#
* ♣♣§§○○§♣♣ ♣♣♣P♣♣.....## ,*
♣♣♣♣♣P♣ ♣♣♣♣.#......#


You could see 5 death yaks.

Vanquished Creatures
  A two-headed ogre (D:10)
  A cane toad (Lair:1)
  A troll (D:10)
  4 blink frogs (Lair:1)
  5 yaks
  A shadow (D:10)
  A wyvern (Lair:1)
  2 water moccasins
  An acid dragon (D:8)
  An orc warrior (D:10)
  An ogre (D:6)
  An ice beast (D:5)
  2 kobold brigands
  4 bullfrogs
  3 scorpions
  A wight (D:8)
  Dowan (D:5)
  9 killer bees
  3 howler monkeys (D:10)
  3 orc priests
  A jelly (D:4)
  A hound (D:5)
  An iguana (D:6)
  3 orc wizards
  6 adders
  2 ufetubi
  A dart slug (D:2)
  17 orcs
  3 bats (D:1)
  4 endoplasms
  A giant cockroach (D:1)
  2 goblins (D:1)
  3 hobgoblins
  2 quokkas (D:2)
  2 ball pythons
  7 kobolds
  4 rats
106 creatures vanquished.

Vanquished Creatures (collateral kills)
  A killer bee (D:8)
  An orc priest (D:8)
  2 orcs (D:8)
  3 kobolds (D:8)
7 creatures vanquished.

Vanquished Creatures (others)
  A wyvern (D:8)
  A black bear (D:7)
  5 fungi
  8 plants (Lair:1)
15 creatures vanquished.

Grand Total: 128 creatures vanquished

Notes
Turn   | Place    | Note
-------+----------+-------------------------------------------
     0 | D:1      | buhh the Meteoran Fighter began the quest for the Orb.
     0 | D:1      | Reached XP level 1. HP: 19/19 MP: 2/2
    89 | D:2      | Reached XP level 2. HP: 26/26 MP: 3/3
   173 | D:1      | Reached skill level 3 in Maces & Flails
   276 | D:1      | Reached XP level 3. HP: 29/31 MP: 4/4
   369 | D:1      | Found a faded altar of an unknown god.
   595 | D:3      | Reached XP level 4. HP: 40/40 MP: 5/5
   613 | D:3      | You fall into a shaft and drop 3 floors!
   618 | D:6      | Noticed an ogre
   622 | D:6      | Killed an ogre
   623 | D:6      | Reached skill level 4 in Maces & Flails
   623 | D:6      | Reached XP level 5. HP: 47/47 MP: 6/6
   662 | D:6      | Reached skill level 5 in Fighting
   662 | D:6      | Reached skill level 5 in Maces & Flails
   662 | D:6      | Reached XP level 6. HP: 55/56 MP: 7/7
   721 | D:5      | Entered Level 5 of the Dungeon
   753 | D:5      | Reached skill level 6 in Maces & Flails
   775 | D:5      | Reached XP level 7. HP: 59/62 MP: 8/8
   787 | D:5      | Found an ornate altar of the Wu Jian Council.
   799 | D:4      | Noticed Ijyb
   800 | D:4      | Identified a scroll of acquirement
   800 | D:4      | Acquired 1115 gold pieces
   867 | D:4      | HP: 2/62 [orc/+0 flail (4)]
  1014 | D:5      | Noticed a water moccasin
  1023 | D:5      | Killed a water moccasin
  1024 | D:5      | Reached skill level 7 in Maces & Flails
  1129 | D:5      | Noticed Dowan
  1130 | D:5      | Found a shimmering blue altar of Sif Muna.
  1153 | D:5      | Killed Dowan
  1156 | D:5      | Found Zin's Purification Station.
  1162 | D:5      | Found a glowing silver altar of Zin.
  1165 | D:5      | Bought a potion of curing for 90 gold pieces
  1234 | D:5      | Identified the +2 robe "Rejoirch" {Regen+}
  1278 | D:5      | Reached XP level 8. HP: 71/71 MP: 9/9
  1297 | D:5      | Reached skill level 8 in Maces & Flails
  1512 | D:6      | Found a shimmering altar of Xom.
  1563 | D:6      | Found a sparkling altar of Nemelex Xobeh.
  1626 | D:6      | Reached skill level 9 in Maces & Flails
  1692 | D:7      | Found a staircase to the Ecumenical Temple.
  1699 | Temple   | Entered the Ecumenical Temple
  1783 | D:7      | Reached skill level 10 in Maces & Flails
  1868 | D:7      | Found a white marble altar of Elyvilon.
  1868 | D:7      | Found a snail-covered altar of Cheibriados.
  1976 | D:7      | Found a broken altar of Ashenzari.
  2020 | D:8      | Noticed a wyvern
  2020 | D:8      | Found an iron altar of Okawaru.
  2028 | D:7      | Reached skill level 11 in Maces & Flails
  2028 | D:7      | Gained mutation: You passively map the area around you.
                  | [Meteoran growth]
  2028 | D:7      | Reached XP level 9. HP: 56/77 MP: 10/10
  2119 | D:8      | Became a worshipper of Warmaster Okawaru
  2120 | D:8      | Identified the +9 mace of Gloom {drain, Drain Will+++
                  | Int+9}
  2146 | D:8      | Reached skill level 12 in Maces & Flails
  2155 | D:8      | Found a radiant altar of Vehumet.
  2275 | D:8      | Found a burning altar of Makhleb.
  2314 | D:8      | Reached * piety under Okawaru
  2315 | D:8      | Reached skill level 13 in Maces & Flails
  2559 | D:9      | Found a blossoming altar of Fedhas.
  2594 | D:9      | Identified the ring of Leaves {rElec rCorr Str+3 Int+4}
  2607 | D:10     | Entered Level 10 of the Dungeon
  2696 | D:10     | Reached skill level 14 in Maces & Flails
  2881 | D:10     | Noticed a troll
  2882 | D:10     | Found Daru's Antique Weapon Shop.
  2887 | D:10     | Killed a troll
  2887 | D:10     | Reached ** piety under Okawaru
  2888 | D:10     | Reached skill level 1 in Invocations
  2888 | D:10     | Reached XP level 10. HP: 72/84 MP: 8/12
  2939 | D:10     | Noticed a two-headed ogre
  2947 | D:10     | Killed a two-headed ogre
  2948 | D:10     | Reached skill level 5 in Armour
  3058 | D:10     | Found Gaowk's Fire Supplies.
  3071 | D:10     | Bought a +1 buckler of fire resistance for 264 gold pieces
  3258 | D:11     | Noticed a centaur warrior
  3261 | D:11     | Noticed a cyclops
  3262 | D:11     | Noticed a centaur warrior
  3269 | D:11     | Found a staircase to the Lair.
  3278 | Lair:1   | Entered Level 1 of the Lair of Beasts
  3390 | Lair:1   | Reached *** piety under Okawaru
  3479 | Lair:1   | Reached skill level 1 in Dodging
  3489 | Lair:1   | Noticed a cane toad
  3493 | Lair:1   | Reached XP level 11. HP: 81/94 MP: 13/13
  3554 | Lair:1   | Noticed a death yak
  3555 | Lair:1   | Noticed a death yak
  3555 | Lair:1   | Noticed a death yak
  3555 | Lair:1   | Noticed a death yak
  3558 | Lair:1   | Noticed a death yak
  3566 | Lair:1   | Mangled by a death yak

Illustrated notes

Levels and vault maps discovered:
D:1:      zelgadis_glass_arrival_small, layout_basic,
          ebering_ecumenical_altar_petrified
D:2:      layout_rooms, amethyst_killhole, st_stairs_2
D:3:      layout_loops_cross, grunt_ministairs_8
D:4:      layout_loops_ring, uniq_ijyb
D:5:      layout_basic, nzn_overflow_gifts_of_might_and_magic,
          nicolae_wu_jian_wuxing_cycle, zin_purify, uniq_duvessa
D:6:      layout_basic, lemuel_crystal_altar, mainiacjoe_overflow_alcove_4,
          dk_rats_in_the_wall
D:7:      layout_loops_ring, lemuel_doored_altar,
          nicolae_overflow_two_pavilions, temple_fountains,
          uniq_crazy_yiuf_cottage, uniq_prince_ribbit1
D:8:      layout_rooms, mainiacjoe_overflow_concentric_impassable,
          old_standard_altar, okawaru_ov_weapons_minmay
D:9:      layout_stronghold, kennysheep_mini, mainiacjoe_overflow_brackets
D:10:     layout_loops_corners, yredelemnul_forgotten_temple_becter,
          david_orc_5, serial_shops, nicolae_shop_advertising_works
          [nicolae_subvault_shop_adworks], nicolae_shop_fire_sale
          [nicolae_sub_dead_trees], minmay_nine_imps
D:11:     minmay_the_grid_octo_tiled_squarecenter_mashed
          [minmay_the_grid_octo_clover_2, minmay_the_grid_octo_pinwheel,
          minmay_the_grid_octo_clover, minmay_the_grid_octo_thin_diamonds,
          minmay_the_grid_square_5x5_megaprize_crossed,
          minmay_the_grid_square_5x5_v, minmay_the_grid_square_5x5_n_small,
          minmay_the_grid_square_5x5_pentomino_r,
          minmay_the_grid_square_5x5_two], layout_basic, grunt_gozag_breadcrumbs
Temple:   nicolae_temple_ecumenical_triangle
Lair:1:   layout_layer_cave, chequers_serial_rivers_small_b, wad_woods_road_06,
          nzn_random_ring

Skill      XL: |  1  2  3  4  5  6  7  8  9 10 11 |
---------------+----------------------------------+-----
Maces & Flails | 3 4 5 6 7 11 14 | 14.0
Armour         | 4 7 |  7.2
Shields        | 4 7 |  7.7
Fighting       | 4 5 6 8 |  8.5
Invocations    | 1 2 |  2.0
Dodging        | 1 2 |  2.6

Action                   |  1- 3 |  4- 6 |  7- 9 | 10-12 || total
-------------------------+-------+-------+-------+-------++-------
Melee: Flail             |    43 |    48 |   182 |       ||   273
       Mace              |       |       |    63 |    84 ||   147
Invok: Heroism           |       |       |     1 |     4 ||     5
Evoke: Wand              |       |       |     5 |     1 ||     6
  Use: Potion            |       |     1 |     2 |     2 ||     5
       Scroll            |       |       |    10 |     3 ||    13
Armor: Scale mail        |    20 |    20 |    38 |       ||    78
       Robe              |       |       |    80 |    14 ||    94
Dodge: Dodged            |    16 |    24 |   109 |    30 ||   179
Block: Buckler           |     8 |     7 |    57 |    23 ||    95

Table legend: (Time is in decaauts)
 A = Elapsed time spent in this place.
 B = Non-inter-level travel time spent in this place.
 C = Inter-level travel time spent in this place.
 D = Time resting spent in this place.
 E = Time spent auto-exploring this place.
 F = Levels seen in this place.
 G = Mean time per level.
                   A        B        C        D        E       F      G
               +--------+--------+--------+--------+--------+-----+--------+
         Total |   3553 |   3476 |     77 |      0 |    246 |  13 |  273.3 |
       Dungeon |   3245 |   3168 |     77 |      0 |    246 |  11 |  295.0 |
        Temple |     36 |     36 |      0 |      0 |      0 |   1 |   36.0 |
          Lair |    270 |    270 |      0 |      0 |      0 |   1 |  270.0 |
               +--------+--------+--------+--------+--------+-----+--------+

Top non-repeatable levels by time:
    D:10: 547 daAuts
     D:1: 474 daAuts
     D:6: 456 daAuts
     D:5: 434 daAuts
     D:8: 402 daAuts
     D:7: 353 daAuts
  Lair:1: 270 daAuts
     D:4: 193 daAuts
     D:2: 130 daAuts
     D:9: 118 daAuts
    D:11: 112 daAuts
  Temple: 36 daAuts
     D:3: 20 daAuts
